 Dungeon Crawl Stone Soup version 0.28-a0-1143-gcf6077d4cc (webtiles) character file.

Game seed: 5101748003068729392

456 kae the Chopper (level 7, -7/57 HPs)
             Began as a Hill Orc Fighter on Dec 13, 2021.
             Was an Initiate of Okawaru.
             Mangled by a yak (11 damage)
             ... on level 3 of the Dungeon.
             The game lasted 00:03:30 (4510 turns).

kae the Chopper (Hill Orc Fighter)                  Turns: 4510, Time: 00:03:31

Health: -7/57      AC:  6    Str: 21    XL:     7   Next: 6%
Magic:  7/7        EV:  9    Int:  8    God:    Okawaru [......]
Gold:   132        SH:  0    Dex: 10    Spells: 6/6 levels left

rFire   . . .      SeeInvis .   a - +0 war axe
rCold   . . .      Faith    .   (no shield)
rNeg    . . .      Spirit   .   e - +0 scale mail
rPois   .          Reflect  .   (no helmet)
rElec   .          Harm     .   (no cloak)
rCorr   .          Rampage  .   (no gloves)
Will    .....                   (no boots)
Stlth   ..........              (no amulet)
HPRegen 0.19/turn               (no ring)
MPRegen 0.10/turn               (no ring)

@: no status effects
A: no striking features
a: Renounce Religion


You were on level 3 of the Dungeon.
You worshipped Okawaru.
Okawaru was noncommittal.
You visited 1 branch of the dungeon, and saw 4 of its levels.

You collected 132 gold pieces.

Inventory:

Hand Weapons
 a - a +0 war axe (weapon)
 b - the +9 heavy crossbow "Sniper" {vorpal, Acc+∞ SInv}
   (You acquired it on level 1 of the Dungeon)

   Any ammunition fired from it inflicts extra damage upon your enemies.
   Any ammunition fired from it never misses its target.
   SInv:      It lets you see invisible.
Armour
 c - a +0 buckler
 e - a +0 scale mail (worn)
Wands
 g - a wand of polymorph (8)
 h - a wand of flame (12)
Scrolls
 f - a scroll of vulnerability
 k - 2 scrolls of teleportation
Potions
 i - 2 potions of degeneration


   Skills:
 - Level 3.6 Fighting
 + Level 6.8 Axes
 * Level 4.5 Crossbows
 - Level 3.2 Armour
 - Level 3.2 Shields


You had 6 spell levels left.
You didn't know any spells.
Your spell library contained the following spells:

 Spells                   Type           Power      Damage    Failure   Level
 Apportation              Tloc           0%         N/A       75%         1
 Blink                    Tloc           0%         N/A       87%         2
 Static Discharge         Conj/Air       0%         N/A       87%         2
 Ozocubu's Armour         Ice            0%         N/A       98%         3
 Lightning Bolt           Conj/Air       0%         1d11      100%        5
 Manifold Assault         Tloc           0%         N/A       100%        5
 Ozocubu's Refrigeration  Ice            0%         4d5       100%        7
 Storm Form               Tmut/Air       0%         N/A       100%        7
 Maxwell's Capacitive Co  Air            0%         ∞         100%        8
 Animate Skeleton         Necr           Unusable   N/A       N/A         1
 Summon Small Mammal      Summ           Unusable   N/A       N/A         1

Dungeon Overview and Level Annotations

Branches:
Dungeon (4/15)
 Temple: D:4-7

Altars:
Okawaru


Message History

The hound bites you. The yak gores you. The hound barely misses you.
You closely miss the hound.
The hound is heavily wounded.
The hound closely misses you. The hound bites you.
You are too injured to fight recklessly!
You are too injured to fight recklessly!
You are too injured to fight recklessly!
You are too injured to fight recklessly!
You are too injured to fight recklessly!
You barely miss the hound.
The hound is heavily wounded.
The hound closely misses you.
You slash the hound!
You kill the hound!
Okawaru accepts your kill.
You have reached level 7!
A lemure comes into view.
The lemure shouts!
A lemure comes into view.
The lemure moves out of view.
A lemure comes into view.
There is a stone staircase leading up here.
The yak gores you but does no damage.
You climb upwards.
There is a stone staircase leading down here.
You hit the yak but do no damage.
The yak is lightly wounded.
The yak gores you!
You hit the yak but do no damage.
The yak is lightly wounded.
The yak gores you!
You barely miss the yak.
The yak is lightly wounded.
The yak gores you!
* * * LOW HITPOINT WARNING * * *
You hit the yak.
The yak is moderately wounded.
The yak gores you!
You die...

......###...#.# #######
##.##.# ......# ####.# ......#
#<# ......# #.#
..###'#######.##
..##()(.#......###############
..#.≈.≈##.#....Y...........).#
..##≈.≈.#.#.#..#@#######.#.#.#
###.≈.≈##.#....#.# ##.#.##
..##≈.≈.#.#..#.#.# #.###.#
###.≈.≈##.#......# ##.#.## #
###_###......### #.#.#.#
###.###......####### ##.#.##
....#.#.########...# #.###.#
......#.# #...#.# ##.#.##
##......######.#...## #.#.#.#


You could see a yak.

Vanquished Creatures
  Sigmund (D:2)
  Pargi (D:3)
  A hound (D:4)
  Terence (D:2)
  Robin (D:2)
  A gnoll (D:3)
  3 adders
  An adder skeleton (D:4)
  2 dart slugs (D:3)
  2 orcs (D:3)
  4 bats
  7 endoplasms
  6 giant cockroaches
  20 goblins
  7 hobgoblins
  7 jackals
  4 quokkas
  12 ball pythons
  3 frilled lizards (D:1)
  6 kobolds
  A rat (D:2)
91 creatures vanquished.

Vanquished Creatures (others)
  2 plants (D:3)
2 creatures vanquished.

Grand Total: 93 creatures vanquished

Notes
Turn   | Place    | Note
-------+----------+-------------------------------------------
     0 | D:1      | kae the Hill Orc Fighter began the quest for the Orb.
     0 | D:1      | Reached XP level 1. HP: 19/19 MP: 1/1
   121 | D:1      | Reached skill level 3 in Axes
   236 | D:1      | Reached XP level 2. HP: 23/26 MP: 2/2
   277 | D:1      | Found a faded altar of an unknown god.
   346 | D:1      | Reached skill level 4 in Axes
   881 | D:1      | Reached XP level 3. HP: 30/31 MP: 3/3
  1362 | D:1      | Identified a scroll of acquirement
  1362 | D:1      | Acquired the +9 heavy crossbow "Sniper" {vorpal, Acc+∞
                  | SInv}
  1362 | D:1      | Found the +9 heavy crossbow "Sniper" {vorpal, Acc+∞ SInv}
  1666 | D:2      | Reached skill level 5 in Axes
  1784 | D:2      | Noticed Sigmund
  2328 | D:2      | Killed Sigmund
  2329 | D:2      | Reached XP level 4. HP: 13/39 MP: 4/4
  2329 | D:2      | Reached XP level 5. HP: 15/45 MP: 5/5
  2643 | D:2      | Reached skill level 6 in Axes
  2819 | D:2      | Reached XP level 6. HP: 51/51 MP: 6/6
  2833 | D:2      | Noticed Terence
  3191 | D:2      | Noticed Robin
  3225 | D:2      | HP: 2/51 [Robin (2)]
  3229 | D:2      | Killed Robin
  3303 | D:2      | Killed Terence
  3868 | D:3      | Noticed Jessica
  3884 | D:3      | Noticed Jessica
  3884 | D:3      | Jessica changed into Jessica the quokka
  3889 | D:3      | Killed Jessica the quokka
  4086 | D:3      | Noticed Pargi
  4101 | D:3      | Killed Pargi
  4291 | D:3      | Found an iron altar of Okawaru.
  4430 | D:3      | Became a worshipper of Warmaster Okawaru
  4486 | D:4      | Noticed a yak
  4486 | D:4      | Noticed a yak
  4486 | D:4      | Noticed a yak
  4487 | D:4      | Noticed a yak
  4496 | D:4      | Reached XP level 7. HP: 37/57 MP: 7/7
  4510 | D:3      | Mangled by a yak

Illustrated notes

Levels and vault maps discovered:
D:1:      dpeg_arrival_rhombi, layout_loops_corners, basic_ecumenical_altar
D:2:      layout_basic, uniq_sigmund, uniq_robin, uniq_terence
D:3:      layout_loops_cross, okawaru_altar_gauntlet_db, roderic_roman_lattice,
          saegor_snake_ambush, uniq_jessica, uniq_pargi
D:4:      layout_basic, uniq_duvessa, uniq_pikel, uniq_crazy_yiuf_cottage

Skill      XL: |  1  2  3  4  5  6 |
---------------+-------------------+-----
Axes           | 3 4 5 6 |  6.8
Crossbows      | 3 4 |  4.5
Fighting       | |  3.6
Armour         | |  3.2
Shields        | |  3.2

Action                   |  1- 3 |  4- 6 |  7- 9 || total
-------------------------+-------+-------+-------++-------
Melee: War axe           |   130 |   105 |     4 ||   239
       Unarmed           |       |     3 |       ||     3
Evoke: Wand              |       |     7 |       ||     7
  Use: Scroll            |     1 |     5 |       ||     6
       Potion            |       |     4 |       ||     4
Armor: Scale mail        |    61 |    50 |     1 ||   112
Dodge: Dodged            |    69 |    75 |       ||   144
Block: Buckler           |    20 |       |       ||    20

Table legend: (Time is in decaauts)
 A = Elapsed time spent in this place.
 B = Non-inter-level travel time spent in this place.
 C = Inter-level travel time spent in this place.
 D = Time resting spent in this place.
 E = Time spent auto-exploring this place.
 F = Levels seen in this place.
 G = Mean time per level.
                   A        B        C        D        E       F      G
               +--------+--------+--------+--------+--------+-----+--------+
         Total |   4590 |   4401 |    189 |    705 |   3060 |   4 | 1147.5 |
       Dungeon |   4590 |   4401 |    189 |    705 |   3060 |   4 | 1147.5 |
               +--------+--------+--------+--------+--------+-----+--------+

Top non-repeatable levels by time:
     D:1: 2049 daAuts
     D:2: 1533 daAuts
     D:3: 969 daAuts
     D:4: 38 daAuts
